 Dungeon Crawl Stone Soup version 0.23.0-3-gf3c87f2 (webtiles) character file.

Game seed: 1542711266738841657

333 Borgoz the Cutter (level 6, 0/52 HPs)
             Began as a Ghoul Monk on Feb 22, 2019.
             Was a Believer of Ashenzari.
             Killed from afar by an orc wizard (6 damage)
             ... with a puff of flame
             ... on level 4 of the Dungeon.
             The game lasted 00:07:05 (3543 turns).

Borgoz the Cutter (Ghoul Monk)                      Turns: 3543, Time: 00:07:06

Health: 0/52       AC:  6    Str: 15    XL:     6   Next: 52%
Magic:  5/5        EV: 12    Int:  5    God:    Ashenzari [**....]
Gold:   174        SH:  0    Dex: 13    Spells: 5/5 levels left

rFire    . . .     SeeInvis .   a - +0 short sword
rCold    + . .     Gourm    .   (no shield)
rNeg     + + +     Faith    .   o - +0 ring mail
rPois    ∞         Spirit   .   (no helmet)
rElec    .         Reflect  .   (no cloak)
rCorr    .         Harm     .   d - +0 pair of gloves
MR       .....                  (no boots)
Stlth    ++........             (no amulet)
HPRegen  0.00/turn              (no ring)
MPRegen  0.09/turn              (no ring)

@: rotting
A: rotting body, claws 1, carnivore, cold resistance 1, negative energy
resistance 3, inhibited regeneration, torment resistance, unbreathing
a: Curse Item, Scrying, Renounce Religion


You were on level 4 of the Dungeon.
You worshipped Ashenzari.
Ashenzari was pleased with you.
You were not hungry.

You visited 2 branches of the dungeon, and saw 5 of its levels.

You collected 174 gold pieces.

Inventory:

Hand Weapons
 a - a +0 short sword (weapon)
Missiles
 e - 6 poisoned needles
Armour
 d - a +0 pair of gloves (worn)
 h - a +0 scale mail
 m - a +0 robe of magic resistance
 o - a +0 ring mail (worn)
Scrolls
 b - 2 scrolls of fear
 f - 2 scrolls of magic mapping
 k - a scroll of enchant armour {unknown}
 l - a scroll of amnesia {unknown}
 p - 4 scrolls of remove curse
Potions
 g - a potion of flight
Comestibles
 c - 6 rations


   Skills:
 + Level 3.9 Fighting
 * Level 5.0 Short Blades
 + Level 1.5 Armour
 * Level 3.8 Dodging
 + Level 2.9 Stealth


You had 5 spell levels left.
You didn't know any spells.
Your spell library was empty.

Dungeon Overview and Level Annotations

Branches:
Dungeon (4/15)             Temple (1/1) D:4

Altars:
Ashenzari
Dithmenos
Fedhas
Hepliaklqana
Kikubaaqudgha
Makhleb
Nemelex Xobeh
Okawaru
Qazlal
Ru
Sif Muna
Trog
Uskayaw
Vehumet
Wu Jian
Xom
Yredelemnul
Zin
The Shining One


Innate Abilities, Weirdness & Mutations

Your body is rotting away.
You thrive on raw meat.
You are immune to poison.
You have sharp fingernails.
You are carnivorous and can eat meat at any time.
Your flesh is cold resistant. (rC+)
You are immune to negative energy. (rN+++)
You do not regenerate when monsters are visible.
You are immune to unholy pain and torment.
You can survive without breathing.


Message History

You hear some strange, mumbled words.
You are more confused.
You bump into the rock wall.
Something hits you but does no damage.
Okay, then.
You bump into the rock wall.
Something hits you but does no damage.
You're too confused to move!
You hear some strange, mumbled words.
A puff of flame appears from out of thin air!
The puff of flame hits you but does no damage.
There is an open door here.
You bump into the rock wall.
You feel less confused.
You hear some strange, mumbled words.
A puff of flame appears from out of thin air!
The puff of flame hits you!
* * * LOW HITPOINT WARNING * * *
You hear some strange, mumbled words.
A puff of flame appears from out of thin air!
The puff of flame hits you.
You die...

*,*
#...#,,,#######.#######****,*
*,* #####,,,* #.# *,,,, *,*
*,,,,,,,* #.# *,*,* *,*
*,,,,,,,* #.# *,*,,
*,***,,,,,,,* #.# *,,,,
,,,**,,,,,,,* ####'#####
****,
,,,*############........# *,
,,,*#......)oo{'........# *,
,,,*#.##########@.......# **
,,,**,* #........# * ,,,**,*
#........# ,,,**,* #........#
* ,,,**,* #........# *
,,,**,* ***#........# *
,,,**+*******,,.......$## *
,,,,,,,,,,,,+,,........# *
***,,,,,,,***,,,,,,,,,,* *


You could see an orc priest and an orc.

Vanquished Creatures
  A sky beast (D:2)
  A centaur skeleton (D:4)
  An iguana (D:3)
  An orc wizard (D:2)
  5 gnolls
  4 adders
  2 worms (D:2)
  A dart slug (D:3)
  A leopard gecko (D:2)
  An orc (D:3)
  A ball python (D:2)
  4 giant cockroaches
  5 hobgoblins
  4 jackals (D:2)
  3 quokkas
  5 bats
  3 frilled lizards
  4 goblins (D:3)
  4 kobolds
  10 rats
  A butterfly (D:4)
62 creatures vanquished.

Vanquished Creatures (others)
  An orc wizard (D:4)
1 creature vanquished.

Grand Total: 63 creatures vanquished

Notes
Turn   | Place    | Note
-------+----------+-------------------------------------------
     0 | D:1      | Borgoz the Ghoul Monk began the quest for the Orb.
     0 | D:1      | Reached XP level 1. HP: 19/19 MP: 0/0
   218 | D:1      | Reached skill level 3 in Short Blades
   245 | D:1      | Reached XP level 2. HP: 25/26 MP: 1/1
   656 | D:2      | Reached XP level 3. HP: 26/31 MP: 2/2
   702 | D:2      | Noticed a sky beast
   766 | D:2      | Found a sacrificial altar of Ru.
   791 | D:2      | Reached XP level 4. HP: 25/39 MP: 3/3
   973 | D:2      | You fall through a shaft!
  1156 | D:3      | Reached skill level 4 in Short Blades
  1192 | D:3      | Reached XP level 5. HP: 27/46 MP: 4/4
  2396 | D:3      | Found a deep blue altar of Sif Muna.
  2396 | D:3      | Found a stormy altar of Qazlal.
  2758 | D:2      | Killed a sky beast
  2758 | D:2      | Reached skill level 1 in Armour
  2758 | D:2      | Reached XP level 6. HP: 27/52 MP: 5/5
  2829 | D:2      | Found a glowing silver altar of Zin.
  3243 | D:4      | Found a staircase to the Ecumenical Temple.
  3273 | Temple   | Entered the Ecumenical Temple
  3363 | Temple   | Became a worshipper of Ashenzari the Shackled
  3363 | Temple   | Reached * piety under Ashenzari
  3363 | Temple   | Reached ** piety under Ashenzari
  3520 | D:4      | Reached skill level 5 in Short Blades
  3543 | D:4      | Killed from afar by an orc wizard

Skill      XL: |  1  2  3  4  5  6 |
---------------+-------------------+-----
Short Blades   | 3 4 5 |  5.0
Dodging        | 3 |  3.8
Armour         | 1 |  1.5
Fighting       | |  3.9
Stealth        | |  2.9

Action                   |  1- 3 |  4- 6 || total
-------------------------+-------+-------++-------
Melee: Short sword       |    91 |   324 ||   415
  Use: Potion            |     1 |     8 ||     9
       Scroll            |       |     6 ||     6
 Stab: Sleeping          |     2 |     4 ||     6
       Invisible         |       |     1 ||     1
       Distracted        |       |     1 ||     1
  Eat: Chunk             |     3 |    21 ||    24
Armor: Robe              |     8 |    10 ||    18
       Ring mail         |       |    66 ||    66
Dodge: Dodged            |    60 |   181 ||   241
